 Dungeon Crawl Stone Soup version 0.21-a0-552-g593960d (webtiles) character file.

482 Gaball the Slinger (level 7, 0/44 HPs)
             Began as a Halfling Hunter on Dec 17, 2017.
             Slain by a gnoll
             ... wielding a +0 spear
              (3 damage)
             ... on level 4 of the Dungeon.
             The game lasted 00:07:07 (4002 turns).

Gaball the Slinger (Halfling Hunter)                Turns: 4002, Time: 00:07:07

Health: 0/44       AC:  3    Str: 13    XL:     7   Next: 34%
Magic:  7/7        EV: 14    Int:  9    God:
Gold:   21         SH:  0    Dex: 17    Spells: 6/6 levels left

rFire    . . .     SeeInvis .   a - +1 hunting sling
rCold    . . .     Gourm    .   (shield restricted)
rNeg     . . .     Faith    .   c - +0 leather armour
rPois    .         Spirit   .   (no helmet)
rElec    .         Reflect  .   (no cloak)
rCorr    .         Harm     .   (no gloves)
MR       .....                  (no boots)
Stlth    ++........             (no amulet)
HPRegen  0.14/turn              (no ring)
MPRegen  0.10/turn              (no ring)

@: no status effects
A: small, mutation resistance 1
a: no special abilities


You were on level 4 of the Dungeon.
You were hungry.

You visited 1 branch of the dungeon, and saw 4 of its levels.

You collected 161 gold pieces.
You spent 140 gold pieces at shops.

Inventory:

Hand Weapons
 a - a +1 hunting sling (weapon)
 b - a +0 short sword
Missiles
 i - 5 needles of confusion
 p - 155 stones (quivered)
Armour
 c - a +0 leather armour (worn)
Scrolls
 g - 2 scrolls of teleportation
 k - a scroll of fear
 l - a scroll of immolation {unknown}
 s - a scroll of amnesia
 u - a scroll of blinking {unknown}
 v - 2 scrolls of identify
 w - a scroll of fog
Potions
 e - 2 potions of heal wounds
 h - a potion of mutation
 j - a potion of resistance
 o - a potion of flight
 q - a potion of berserk rage {unknown}
 t - a potion of might
Comestibles
 f - 2 bread rations
 m - a royal jelly
 n - a meat ration
 r - 4 fruits


   Skills:
 - Level 1.7 Fighting
 + Level 11.6 Slings
 - Level 2.1 Dodging
 - Level 1.1 Stealth


You had 6 spell levels left.
You didn't know any spells.

Dungeon Overview and Level Annotations

Branches:
Dungeon (4/15)
 Temple: D:4-7

Altars:
Cheibriados
Dithmenos
Kikubaaqudgha
Yredelemnul

Shops:
D:4 ?

Annotations:
D:4 Sigmund


Innate Abilities, Weirdness & Mutations

You are small and have problems with some larger weapons.
You are somewhat resistant to further mutation.


Message History

Something tries to affect you, but you resist.
A gnoll comes into view. It is wielding a spear.
You struggle against the net.
Something hits you!
You tear a large gash into the net.
The gnoll closely misses you. Something hits you!
You struggle against the net.
The gnoll hits you with an enchanted whip!
You shred the net and break free! Something hits you.
The gnoll closely misses you.
You closely miss the gnoll.
The gnoll is heavily wounded.
The gnoll hits you but does no damage. Something hits you.
* * * LOW HITPOINT WARNING * * *
The gnoll barely misses you.
You feel less confused.
There is a stone staircase leading up here.
The gnoll hits you with an enchanted whip!
* * * LOW HITPOINT WARNING * * *
The gnoll hits you from afar with a spear.
You die...

####..## #...............
.......# ##......#.......
.......## #....####......
........## ###...## ##.....
.........## #...### ##....
.......#..## ####...###
##...
........#..###........###
###.
#.......##..##..).......##
##
#.......###...gg@........##
##.....##
##..##..).......## ##....
#..##...........## ##..#
#..##............#
#..##............#
#((##..........### #
.((####...)..### ##
....(#####..##########.
.###...................


You could see 2 gnolls.

Vanquished Creatures
  A phantom (D:3)
  An orc priest (D:3)
  Natasha (D:2)
  3 worker ants (D:4)
  15 gnolls
  3 adders
  A worm (D:2)
  A dart slug (D:1)
  16 orcs
  2 bats
  3 giant cockroaches (D:1)
  14 goblins
  13 hobgoblins
  5 frilled lizards
  5 kobolds
  7 rats
91 creatures vanquished.

Notes
Turn   | Place    | Note
-------+----------+-------------------------------------------
     0 | D:1      | Gaball the Halfling Hunter began the quest for the Orb.
     0 | D:1      | Reached XP level 1. HP: 14/14 MP: 1/1
    25 | D:1      | Reached skill level 6 in Slings
   143 | D:1      | Reached XP level 2. HP: 19/19 MP: 2/2
   420 | D:1      | Reached skill level 7 in Slings
   420 | D:1      | Reached XP level 3. HP: 24/24 MP: 3/3
  1446 | D:2      | Reached XP level 4. HP: 29/29 MP: 4/4
  1469 | D:2      | Reached skill level 8 in Slings
  1959 | D:2      | Reached XP level 5. HP: 34/34 MP: 5/5
  2144 | D:2      | Noticed Natasha
  2150 | D:2      | Killed Natasha
  2150 | D:2      | Reached skill level 9 in Slings
  2315 | D:3      | Found a snail-covered altar of Cheibriados.
  2583 | D:2      | Reached XP level 6. HP: 31/39 MP: 6/6
  2723 | D:3      | Reached skill level 10 in Slings
  3032 | D:3      | Noticed a phantom
  3059 | D:3      | Killed a phantom
  3059 | D:3      | Reached skill level 11 in Slings
  3059 | D:3      | Reached XP level 7. HP: 25/44 MP: 7/7
  3230 | D:3      | Found an ancient bone altar of Kikubaaqudgha.
  3272 | D:3      | Found a shadowy altar of Dithmenos.
  3935 | D:4      | Found Dal Gukh's Magic Scroll Emporium.
  3938 | D:4      | Found a basalt altar of Yredelemnul.
  3942 | D:4      | Bought 2 scrolls of identify for 56 gold pieces
  3942 | D:4      | Bought a scroll of identify for 28 gold pieces
  3942 | D:4      | Bought a scroll of fog for 28 gold pieces
  3942 | D:4      | Bought a scroll of identify for 28 gold pieces
  3986 | D:4      | Noticed Sigmund
  4002 | D:4      | Slain by a gnoll

Vault maps used:
D:1:      dpeg_arrival_tiny_e, serial_forest, infiniplex_forest_zigzag_2,
          infiniplex_forest_end_double, infiniplex_forest_end_1,
          infiniplex_forest_straight_1, infiniplex_forest_clump_medium,
          infiniplex_forest_clump_diagonal
D:2:      kennysheep_the_goblin_king, uniq_natasha
D:3:      lemuel_doored_altar, nicolae_overflow_hidden_temple
D:4:      serial_shops, shop, first_bread, yredelemnul_altar_generic,
          uniq_sigmund

Skill      XL: |  1  2  3  4  5  6 |
---------------+-------------------+-----
Slings         | 6 7 8 9 11 | 11.6
Fighting       | |  1.7
Dodging        | |  2.1
Stealth        | |  1.1

Action                   |  1- 3 |  4- 6 |  7- 9 || total
-------------------------+-------+-------+-------++-------
Melee: Hunting sling     |       |       |     1 ||     1
 Fire: Hunting sling     |    91 |   180 |    71 ||   342
  Use: Scroll            |       |       |     8 ||     8
  Eat: Chunk             |     1 |     5 |     2 ||     8
Armor: Leather armour    |     5 |     4 |     2 ||    11
Dodge: Dodged            |    18 |    31 |     8 ||    57

Table legend:
 A = Spawn XP
 B = Non-spawn XP
 C = Spawn XP percentage of total XP
 D = Spawn monster count
 E = Non-spawn monster count
 F = Spawn count percentage of total count
 G = Total turns spent on level
                    A         B        C        D         E        F      G
               +---------+---------+-------+---------+---------+-------+---------
         Total |       0 |     689 |   0.0 |       0 |      91 |   0.0 |  4002
               +---------+---------+-------+---------+---------+-------+---------
           D:1 |       0 |      56 |   0.0 |       0 |      24 |   0.0 |  1037
           D:2 |       0 |     177 |   0.0 |       0 |      24 |   0.0 |  1486
           D:3 |       0 |     305 |   0.0 |       0 |      29 |   0.0 |   999
           D:4 |       0 |     151 |   0.0 |       0 |      14 |   0.0 |   480
               +---------+---------+-------+---------+---------+-------+---------
